 Dungeon Crawl Stone Soup version 0.28.0 (webtiles) character file.

Game seed: 4482656923344044104

247 Buxparty the Covert (level 6, -2/44 HPs)
             Began as a Gnoll Wanderer on Feb 5, 2022.
             Killed by nerve-wracking pain
             ... invoked by Grinder
              (9 damage)
             ... on level 3 of the Dungeon.
             The game lasted 00:06:07 (2623 turns).

Buxparty the Covert (Gnoll Wanderer)                Turns: 2623, Time: 00:06:08

Health: -2/44      AC:  3    Str: 13    XL:     6   Next: 11%
Magic:  8/8        EV: 12    Int:  8    God:
Gold:   120        SH:  0    Dex: 15    Spells: 8/8 levels left

rFire   . . .      SeeInvis .   a - +2 dagger
rCold   . . .      Faith    .   (no shield)
rNeg    . . .      Spirit   .   f - +0 leather armour
rPois   .          Reflect  .   (no helmet)
rElec   .          Harm     .   (no cloak)
rCorr   .          Rampage  .   (no gloves)
Will    .....                   (no boots)
Stlth   ++++......              (no amulet)
HPRegen 0.14/turn               (no ring)
MPRegen 0.11/turn               (no ring)

@: no status effects
A: fangs 1, strong nose, distributed training
a: no special abilities


You were on level 3 of the Dungeon.
You visited 1 branch of the dungeon, and saw 3 of its levels.

You collected 120 gold pieces.

Inventory:

Hand Weapons
 a - a +2 dagger (weapon)
 b - a +0 hand crossbow
Missiles
 d - 69 bolts
 m - 12 sling bullets
 n - 3 silver boomerangs (quivered)
Armour
 f - a +0 leather armour (worn)
Jewellery
 j - a ring of see invisible
Scrolls
 g - a scroll of identify {unknown}
 h - a scroll of enchant weapon {unknown}
 i - a scroll of enchant armour {unknown}
 k - a scroll of silence {unknown}
 o - a scroll of vulnerability {unknown}
 p - a scroll of fear {unknown}
Potions
 e - a potion of curing
 l - a potion of mutation {unknown}


   Skills:
 + Level 1.8 Fighting
 + Level 1.8 Short Blades
 + Level 1.8 Long Blades
 + Level 1.8 Axes
 + Level 1.8 Maces & Flails
 + Level 1.8 Polearms
 + Level 1.8 Staves
 + Level 1.8 Slings
 + Level 1.8 Bows
 + Level 4.9 Crossbows
 + Level 1.8 Throwing
 + Level 4.9 Armour
 + Level 1.8 Dodging
 + Level 9.7 Stealth
 + Level 1.8 Shields
 + Level 1.8 Unarmed Combat
 + Level 1.8 Spellcasting
 + Level 1.4 Conjurations
 + Level 1.4 Hexes
 + Level 1.4 Summonings
 + Level 1.4 Necromancy
 + Level 1.4 Translocations
 + Level 1.4 Transmutations
 + Level 1.4 Fire Magic
 + Level 1.4 Ice Magic
 + Level 1.4 Air Magic
 + Level 1.4 Earth Magic
 + Level 1.4 Poison Magic
 + Level 3.3 Invocations
 + Level 1.8 Evocations


You had 8 spell levels left.
You didn't know any spells.
Your spell library was empty.

Dungeon Overview and Level Annotations

Branches:
Dungeon (3/15)

Altars:
Ashenzari

Annotations:
D:3 Grinder, Natasha, Sigmund


Innate Abilities, Weirdness & Mutations

You have very sharp teeth.
Your uncanny sense of smell can sniff out nearby items.
Your experience applies equally to all skills.


Message History

d - 69 bolts (gained 1)
Found a short sword.
Grinder comes into view.
You see here 2 gold pieces.
a - a +2 dagger (weapon)
Grinder shouts!
You see here 2 gold pieces.
Grinder hits you.
You writhe in agony.
You see here a +0 short sword.
Grinder gestures at you.
You suddenly lose the ability to move!
Grinder hits you but does no damage. Grinder hits you!
You writhe in agony.
Grinder hits you.
You writhe in agony.
* * * LOW HITPOINT WARNING * * *
Grinder gestures at you. You resist with significant effort.
Grinder hits you but does no damage.
You can move again.
You hit Grinder.
Grinder is lightly wounded.
Grinder says, "DUCK!"
Grinder closely misses you.
You hit Grinder but do no damage.
Grinder is lightly wounded.
Grinder hits you but does no damage.
You hit Grinder.
Grinder is lightly wounded.
Grinder misses you.
You completely miss Grinder.
Grinder is lightly wounded.
Grinder hits you.
* * * LOW HITPOINT WARNING * * *
You writhe in agony.
* * * LOW HITPOINT WARNING * * *
You closely miss Grinder. Your bite misses Grinder.
Grinder is lightly wounded.
Grinder gestures at you. Pain shoots through your body!
You die...

..#.. #...# ......
.......####...# ####.. ...
#........####..... ##
#.#######.$.......... .# ##
#..###............... .###..
..####...).##...#........ .#...
........#####...# ####### ....#
######.5####..##..# #####
..#.######## ##.@....##..####.55.
...........#####........###...###
.#..######.......####..###..###
.....## #####.....>...##..##
......#######.[###........##
.###.....##...##...##..##.# .#
#####..............###.######.
.#######..#..####.......#........
.....<.....>## #.####........##.


You could see Grinder.

Vanquished Creatures
  An ice beast (D:3)
  An ogre (D:2)
  3 adders
  A worm (D:3)
  A dart slug (D:1)
  2 endoplasms
  3 giant cockroaches
  A goblin (D:2)
  5 hobgoblins
  4 quokkas
  5 ball pythons
  2 bats
  7 frilled lizards
  10 kobolds
  4 rats
50 creatures vanquished.

Notes
Turn   | Place    | Note
-------+----------+-------------------------------------------
     0 | D:1      | Reached skill level 9 in Stealth
     0 | D:1      | Buxparty the Gnoll Wanderer began the quest for the Orb.
     0 | D:1      | Buxparty set off with the following items: a +2 dagger, a
                  | potion of heal wounds, a +0 hand crossbow, 28 bolts, a
                  | potion of curing, a +0 leather armour
     0 | D:1      | Reached XP level 1. HP: 13/13 MP: 2/2
   214 | D:1      | Found a faded altar of an unknown god.
   285 | D:1      | Reached XP level 2. HP: 19/19 MP: 3/3
   950 | D:2      | Reached XP level 3. HP: 25/25 MP: 4/4
  1552 | D:2      | Noticed an ogre
  1563 | D:2      | Killed an ogre
  1564 | D:2      | Reached skill level 1 in Fighting
  1564 | D:2      | Reached skill level 1 in Short Blades
  1564 | D:2      | Reached skill level 1 in Long Blades
  1564 | D:2      | Reached skill level 1 in Axes
  1564 | D:2      | Reached skill level 1 in Maces & Flails
  1564 | D:2      | Reached skill level 1 in Polearms
  1564 | D:2      | Reached skill level 1 in Staves
  1564 | D:2      | Reached skill level 1 in Slings
  1564 | D:2      | Reached skill level 1 in Bows
  1564 | D:2      | Reached skill level 1 in Throwing
  1564 | D:2      | Reached skill level 1 in Dodging
  1564 | D:2      | Reached skill level 1 in Shields
  1564 | D:2      | Reached skill level 1 in Unarmed Combat
  1564 | D:2      | Reached skill level 1 in Spellcasting
  1564 | D:2      | Reached skill level 1 in Conjurations
  1564 | D:2      | Reached skill level 1 in Hexes
  1564 | D:2      | Reached skill level 1 in Summonings
  1564 | D:2      | Reached skill level 1 in Necromancy
  1564 | D:2      | Reached skill level 1 in Translocations
  1564 | D:2      | Reached skill level 1 in Transmutations
  1564 | D:2      | Reached skill level 1 in Fire Magic
  1564 | D:2      | Reached skill level 1 in Ice Magic
  1564 | D:2      | Reached skill level 1 in Air Magic
  1564 | D:2      | Reached skill level 1 in Earth Magic
  1564 | D:2      | Reached skill level 1 in Poison Magic
  1564 | D:2      | Reached skill level 1 in Evocations
  1564 | D:2      | Reached XP level 4. HP: 32/32 MP: 6/6
  1564 | D:2      | Reached XP level 5. HP: 37/37 MP: 7/7
  1892 | D:2      | Found a broken altar of Ashenzari.
  2109 | D:3      | Noticed an ice beast
  2111 | D:3      | Killed an ice beast
  2112 | D:3      | Reached XP level 6. HP: 44/44 MP: 8/8
  2174 | D:3      | Noticed Sigmund
  2174 | D:3      | Noticed Natasha
  2207 | D:3      | HP: 1/44 [something (6)]
  2600 | D:3      | Noticed Grinder
  2612 | D:3      | Paralysed by Grinder for 7 turns
  2623 | D:3      | Killed from afar by Grinder

Illustrated notes

Levels and vault maps discovered:
D:1:      dpeg_arrival_rooms_b, layout_loops_cross,
          dreamdust_ecumenical_altar_angels_and_demons, minmay_tromino_v2
D:2:      layout_rooms, basic_altar, minmay_surrounded
D:3:      layout_rooms, uniq_natasha, uniq_grinder, uniq_sigmund

Skill      XL: |  1  2  3 |
---------------+----------+-----
Stealth        | |  9.7
Fighting       | 1 |  1.8
Short Blades   | 1 |  1.8
Long Blades    | 1 |  1.8
Axes           | 1 |  1.8
Maces & Flails | 1 |  1.8
Polearms       | 1 |  1.8
Staves         | 1 |  1.8
Slings         | 1 |  1.8
Bows           | 1 |  1.8
Throwing       | 1 |  1.8
Dodging        | 1 |  1.8
Shields        | 1 |  1.8
Unarmed Combat | 1 |  1.8
Spellcasting   | 1 |  1.8
Conjurations   | 1 |  1.4
Hexes          | 1 |  1.4
Summonings     | 1 |  1.4
Necromancy     | 1 |  1.4
Translocations | 1 |  1.4
Transmutations | 1 |  1.4
Fire Magic     | 1 |  1.4
Ice Magic      | 1 |  1.4
Air Magic      | 1 |  1.4
Earth Magic    | 1 |  1.4
Poison Magic   | 1 |  1.4
Invocations    | 3 |  3.3
Evocations     | 1 |  1.8
Crossbows      | |  4.9
Armour         | |  4.9

Action                   |  1- 3 |  4- 6 || total
-------------------------+-------+-------++-------
Melee: Dagger            |    90 |    45 ||   135
       Bite              |     8 |     3 ||    11
       Punch             |     2 |     2 ||     4
 Fire: Hand crossbow     |       |    14 ||    14
  Use: Potion            |       |     1 ||     1
 Stab: Sleeping          |    12 |     2 ||    14
Armor: Leather armour    |    18 |    13 ||    31
Dodge: Dodged            |    45 |    32 ||    77
